AoeStats
← ihate

Arabia

510583381Analyzed
1v1 RM · 11h ago on Oct 1, 2026· 28m 47s· 2 players
Game mode
Random Map
Map size
Tiny (2 player)
Population
200
Speed
Normal
Resources
Standard
Victory
Conquest
Starting age
Dark Age
Ending age
Imperial Age
RankedLock teamsTeams togetherTeam positionsShared explorationLock speedFull tech treeHidden civsTurbo modeCheats
Victory
Defeat
🇩🇪 Varangians · Germany
1110
+14
🇵🇱 Danes · Poland
1071
-14
Steffen Möller
5:34 Loom
9:17 Feudal Age
15:41 Double-Bit Axe
19:18 Castle Age
18:09 Double-Bit Axe
18:17 Gold Mining
18:12 Horse Collar
19:13 Stone Mining
19:49 Scale Mail Armor
21:07 Squires
22:26 Elite Skirmisher
24:02 Fletching
24:07 Gambesons
25:24 Wheelbarrow
29:05 Bodkin Arrow
ihate
7:27 Loom
9:30 Feudal Age
12:52 Bloodlines
12:57 Double-Bit Axe
20:16 Castle Age
18:30 Gold Mining
19:33 Forging
19:49 Scale Barding Armor
20:39 Horse Collar
22:00 Heavy Plow
22:27 Chain Barding Armor
23:18 Bow Saw
23:16 Husbandry
24:39 Town Watch
Connection lost

Rejoining the realm…

Still unreachable

The connection could not be restored.

Session expired

The server has moved on; the page needs a fresh start.